 Dungeon Crawl Stone Soup version 0.28-a0-984-g3775c662fe (webtiles) character file.

Game seed: 10904188140121495030

10 fragbeetle the Ruffian (level 2, 0/25 HPs)
             Began as a Naga Transmuter on Dec 4, 2021.
             Slain by an endoplasm (2 damage)
             ... on level 1 of the Dungeon.
             The game lasted 00:01:46 (751 turns).

fragbeetle the Ruffian (Naga Transmuter)             Turns: 751, Time: 00:01:46

Health: 0/25       AC:  2    Str: 12    XL:     2   Next: 20%
Magic:  5/5        EV:  9    Int: 13    God:
Gold:   0          SH:  0    Dex: 11    Spells: 4/5 levels left

rFire   . . .      SeeInvis +     - Unarmed
rCold   . . .      Faith    .   (no shield)
rNeg    . . .      Spirit   .   d - +0 leather armour
rPois   +          Reflect  .   (helmet currently unavailable)
rElec   .          Harm     .   (no cloak)
rCorr   .          Rampage  .   (no gloves)
Will    +....                   (no barding)
Stlth   +.........              (no amulet)
HPRegen 0.08/turn               e - ring of willpower
MPRegen 0.09/turn               (no ring)

@: appendages (expiring), very slow
A: horns 2, AC +0, large, see invisible, deformed body, poison resistance,
slowness 2, spit poison 1, naga tail 1
a: Spit Poison, End Transformation


You were on level 1 of the Dungeon.
You had temporarily grown beastly horns.
You visited 1 branch of the dungeon, and saw 2 of its levels.

Inventory:

Missiles
 b - a throwing net
Armour
 a - a +0 robe
 c - a +0 chain mail
 d - a +0 leather armour (worn)
Jewellery
 e - a ring of willpower (left hand)


   Skills:
 + Level 1.0 Fighting
 + Level 1.5 Dodging
 + Level 3.1 Unarmed Combat
 + Level 2.4 Spellcasting
 + Level 2.1 Transmutations


You had 4 spell levels left.
You knew the following spells:

 Your Spells              Type           Power      Damage    Failure   Level
a - Beastly Appendage     Tmut           14%        N/A       13%         1

Your spell library contained the following spells:

 Spells                   Type           Power      Damage    Failure   Level
 Wereblood                Tmut           7%         N/A       21%         2
 Shock                    Conj/Air       4%         1d3       30%         1
 Spider Form              Tmut/Pois      4%         N/A       52%         3
 Swiftness                Air            1%         N/A       67%         3
 Ice Form                 Ice/Tmut       4%         N/A       89%         4
 Airstrike                Air            0%         N/A       97%         4


Dungeon Overview and Level Annotations

Branches:
Dungeon (2/15)

Altars:

Annotations:
D:2 Terence


Innate Abilities, Weirdness & Mutations

You have temporarily grown beastly horns.
Your serpentine skin is tough. (AC +0)
You have supernaturally acute eyesight. (SInv)
Armour fits poorly on your strangely shaped body.
Your system is resistant to poisons. (rPois)
You cover ground very slowly.
You can spit poison.
You have a snake-like lower body.


Message History

There is an open door here.
A dart slug comes into view.
Found 17 gold pieces.
Casting: Beastly Appendage (safe; 13% risk of failure)
Confirm with . or Enter, or press ? or * to list all spells.
You grow a pair of large bovine horns.
The dart slug launches a dart at you. The slug dart hits you.
A rat and an endoplasm come into view.
Found 10 gold pieces.
The dart slug launches a dart at you. The slug dart hits you.
The endoplasm freezes you.
You are frozen.
You hit the dart slug.
The dart slug is lightly wounded.
Your transformation is almost over.
The rat bites you but does no damage. The endoplasm freezes you.
You are frozen.
The dart slug launches a dart at you. The slug dart hits you.
* * * LOW HITPOINT WARNING * * *
The endoplasm hits you.
* * * LOW HITPOINT WARNING * * *
The rat closely misses you.
The rat twitches its whiskers.
The rat bites you but does no damage.
You open the door. The endoplasm freezes you.
You are frozen.
* * * LOW HITPOINT WARNING * * *
The rat bites you.
* * * LOW HITPOINT WARNING * * *
There is an open door here.
The endoplasm hits you but does no damage.
You hit the endoplasm.
The endoplasm is moderately wounded.
The endoplasm hits you.
You die...

#...............#.'..
#._..8..∩..♣..∩.###..
#..............## ###
#..............######
....∩..♣..∩..∩......(.. #$
###.##...)..###[#####..
#.########......###.#####..
#$.......#......#.......#..
+.....$.wJ@..####+#.###.#..
#.......r###.##.....# #.###
#........# #..#.....# #.#
##........# ##.#.....# #.#
#.........####.......# #.#
#......###....#.##'#.# #.#
#......# #....#.##.#.# #.#
##.....# #....#..#...# #.#
#.....# #....##.###.# #.#


You could see a dart slug, an endoplasm and a rat.

Vanquished Creatures
  A ball python (D:1)
  A bat (D:1)
  2 jackals (D:1)
  2 kobolds (D:1)
  A quokka (D:1)
  2 frilled lizards (D:1)
9 creatures vanquished.

Notes
Turn   | Place    | Note
-------+----------+-------------------------------------------
     0 | D:1      | fragbeetle the Naga Transmuter began the quest for the Orb.
     0 | D:1      | Reached XP level 1. HP: 18/18 MP: 3/3
   287 | D:1      | Found a faded altar of an unknown god.
   469 | D:2      | Noticed a hound
   469 | D:2      | Noticed Terence
   477 | D:1      | Reached XP level 2. HP: 19/25 MP: 3/5
   748 | D:1      | HP: 1/25 [rat (2)]
   751 | D:1      | Slain by an endoplasm

Illustrated notes

Levels and vault maps discovered:
D:1:      lemuel_arrival_broad_hall, layout_basic,
          hellmonk_ecumenical_altar_arch_garden
D:2:      layout_basic, uniq_terence, uniq_sigmund

Action                   || total
-------------------------++-------
Melee: Unarmed           ||    35
       Headbutt          ||     3
 Cast: Beastly Appendage ||     9
Armor: Leather armour    ||     6
Dodge: Dodged            ||    22

Table legend: (Time is in decaauts)
 A = Elapsed time spent in this place.
 B = Non-inter-level travel time spent in this place.
 C = Inter-level travel time spent in this place.
 D = Time resting spent in this place.
 E = Time spent auto-exploring this place.
 F = Levels seen in this place.
 G = Mean time per level.
                   A        B        C        D        E       F      G
               +--------+--------+--------+--------+--------+-----+--------+
         Total |    883 |    883 |      0 |    228 |    422 |   2 |  441.5 |
       Dungeon |    883 |    883 |      0 |    228 |    422 |   2 |  441.5 |
               +--------+--------+--------+--------+--------+-----+--------+

Top non-repeatable levels by time:
     D:1: 879 daAuts
     D:2: 4 daAuts
